AoeStats
← [Massa] Edo

Black Forest

507870422Analyzed
2v2 RM · 11d ago on Sep 20, 2026· 17m 42s· 4 players
Game mode
Random Map
Map size
Medium (4 player)
Population
200
Speed
Normal
Resources
Standard
Victory
Conquest
Starting age
Dark Age
Ending age
Imperial Age
RankedLock teamsTeams togetherTeam positionsShared explorationLock speedFull tech treeHidden civsTurbo modeCheats
Victory
Defeat
🇧🇷 Malay · Brazil
1544
+16
🇧🇷 Mapuche · Brazil
1477
+18
🇨🇱 Magyars · Chile
1555
-18
🇨🇱 Maya · Chile
1513
-16
[Massa] Edo
5:33 Loom
13:18 Feudal Age
16:57 Castle Age
14:53 Double-Bit Axe
14:50 Horse Collar
tg
3:35 Loom
12:33 Feudal Age
13:40 Double-Bit Axe
15:50 Fletching
17:25 Padded Archer Armor
mnelias
0:31 Loom
13:07 Feudal Age
14:29 Double-Bit Axe
17:01 Fletching
Persir
4:37 Loom
10:00 Feudal Age
11:19 Wheelbarrow
12:34 Double-Bit Axe
14:14 Horse Collar
Connection lost

Rejoining the realm…

Still unreachable

The connection could not be restored.

Session expired

The server has moved on; the page needs a fresh start.